AoeStats
← ricardo.412

Nomad

509425586Analyzed
3v3 RM · 7d ago on Sep 26, 2026· 60m 4s· 6 players
Game mode
Random Map
Map size
210×210
Population
200
Speed
Normal
Resources
Standard
Victory
Conquest
Starting age
Dark Age
Ending age
Imperial Age
RankedLock teamsTeams togetherTeam positionsShared explorationLock speedFull tech treeHidden civsTurbo modeCheats
Victory
Defeat
🇨🇳 Huns · China
987
+11
🇳🇴 Wu · Norway
986
+11
🇩🇪 Vikings · Germany
909
+40
🇨🇱 Spanish · Chile
907
-13
🇨🇱 Khmer · Chile
904
-13
🇨🇱 Franks · Chile
820
-23
Frasa69
18:53 Feudal Age
19:47 Double-Bit Axe
20:52 Gold Mining
20:57 Fishing Lines
22:28 Man-at-Arms
28:09 Scale Mail Armor
28:46 Horse Collar
29:28 Forging
29:30 Stone Mining
31:36 Scale Barding Armor
32:44 Fletching
36:50 Castle Age
38:46 Bow Saw
44:17 Town Watch
45:00 Medium Warships
44:56 Heavy Plow
45:25 Ballistics
46:06 Iron Casting
48:15 Gold Shaft Mining
48:01 Guard Tower
51:03 Fortified Wall
51:17 Gillnets
51:36 Town Patrol
52:32 Murder Holes
58:07 Masonry
aliø
5:58 Loom
6:28 Loom
13:52 Feudal Age
14:34 Town Watch
17:40 Double-Bit Axe
18:38 Wheelbarrow
22:26 Castle Age
21:04 Fishing Lines
22:35 Pikeman
24:12 Squires
24:53 Fletching
25:17 Forging
25:50 Arson
27:31 Bow Saw
29:41 Gillnets
29:24 Man-at-Arms
30:17 Fletching
32:36 Medium Warships
35:36 Hand Cart
36:10 Gold Mining
36:32 Treadmill Crane
37:13 Ballistics
36:50 Murder Holes
37:24 Scale Mail Armor
38:53 Masonry
38:40 Long Swordsman
42:32 Bodkin Arrow
48:47 Imperial Age
46:24 Padded Archer Armor
48:01 Iron Casting
47:52 Stone Mining
48:53 Halberdier
49:56 Conscription
51:17 Two-Handed Swordsman
52:22 Champion
53:30 Chain Mail Armor
52:44 Heavy Hei Guang Cavalry
55:37 Iron Casting
56:26 Red Cliffs Tactics
58:01 Horse Collar
Stardenburdenhardenbart
5:04 Loom
16:37 Feudal Age
17:40 Horse Collar
18:40 Double-Bit Axe
19:14 Gold Mining
20:00 Fishing Lines
23:23 Castle Age
21:16 Fletching
21:27 Padded Archer Armor
24:49 Bloodlines
24:40 Husbandry
24:52 Bow Saw
24:36 Gillnets
24:50 Bodkin Arrow
25:10 Leather Archer Armor
28:28 Ballistics
29:11 Gold Shaft Mining
32:25 Thumb Ring
42:28 Imperial Age
40:49 Wheelbarrow
44:11 Bracer
44:24 Forging
44:19 Scale Barding Armor
47:34 Conscription
46:35 Elite Tarkan
47:59 Iron Casting
47:45 Chain Barding Armor
48:56 Hand Cart
49:44 Two-Man Saw
48:49 Heavy Plow
48:41 Stone Mining
49:06 Guilds
49:00 Marauders
51:37 Blast Furnace
51:13 Plate Barding Armor
kito
14:49 Feudal Age
13:43 Loom
15:44 Double-Bit Axe
15:41 Horse Collar
18:36 Bloodlines
20:28 Scale Barding Armor
25:41 Gold Mining
28:00 Castle Age
26:34 Gold Mining
29:25 Wheelbarrow
28:17 Light Cavalry
28:58 Husbandry
29:02 Heavy Plow
30:24 Elite Skirmisher
35:24 Squires
48:10 Chain Barding Armor
MONITOENLATA
14:29 Feudal Age
15:02 Loom
15:52 Wheelbarrow
19:02 Castle Age
19:35 Horse Collar
20:13 Bloodlines
20:57 Double-Bit Axe
23:20 Wheelbarrow
24:08 Husbandry
33:04 Bow Saw
33:58 Scale Barding Armor
34:04 Forging
34:17 Heavy Plow
36:09 Gold Mining
36:56 Hand Cart
36:14 Elite Skirmisher
51:24 Imperial Age
50:21 Gold Shaft Mining
50:25 Chain Barding Armor
50:40 Iron Casting
50:06 Scale Mail Armor
50:08 Padded Archer Armor
49:59 Fletching
52:27 Conscription
52:21 Double Crossbow
58:13 Pikeman
59:34 Elite Ballista Elephant
ricardo.412
16:07 Feudal Age
16:31 Loom
17:27 Wheelbarrow
16:39 Town Watch
16:45 Double-Bit Axe
25:23 Gold Mining
26:44 Stone Mining
30:42 Castle Age
32:07 Gold Shaft Mining
31:47 Bow Saw
32:36 Elite Skirmisher
32:55 Pikeman
33:52 Husbandry
47:38 Imperial Age
48:13 Cavalier
53:47 Treadmill Crane
56:00 Paladin
Connection lost

Rejoining the realm…

Still unreachable

The connection could not be restored.

Session expired

The server has moved on; the page needs a fresh start.